Map: Overgrown Facility

Players

Skeeper

  • Race: Zerg Zerg
  • League: Diamond
  • Spawn Location: 1:00

CauseoKoF

  • Race: Zerg Zerg
  • League: Platinum
  • Spawn Location: 3:00

OpuS - Winner!

  • Race: Protoss Protoss
  • League: Platinum
  • Spawn Location: 9:00

Sketchaphone - Winner!

  • Race: Zerg Zerg
  • League: Platinum
  • Spawn Location: 7:00

VOD

Have the link to the VOD?

Description

Time

  • Played on: Feb. 11, 2019, 7:50 p.m.
  • Length: 19:34
Show
View Real Time Build Order
Export as new Build Order

Skeeper Zerg 

Build Orders: Pool First, Lurkers 

Get SALT Encoding   

  12  0:01  Drone  
  13  0:09  Drone  
  14  0:18  Overlord  
  14  0:28  Extractor  
  14  0:29  Drone  
  14  0:30  Extractor  
  14  0:31  Drone  
  16  0:37  Drone  
  17  0:48  Spawning Pool  
  16  0:52  Extractor  
  16  0:54  Drone  
  16  1:16  Hatchery  
  15  1:21  Drone  
  15  1:23  Drone  
  17  1:29  Drone  
  18  1:40  Queen  
  18  1:44  Drone  
  21  1:51  Overlord  
  21  1:56  Drone  
  22  2:07  Metabolic Boost  
  22  2:12  Drone  
  23  2:17  Drone  
  24  2:26  Drone  
  25  2:33  Drone  
  25  2:34  Queen  
  25  2:36  Overlord  
  28  2:47  Roach Warren, Drone  
  28  2:50  Drone  
  29  3:00  Zergling x6  
  29  3:02  Zergling x2  
  33  3:15  Queen  
  35  3:26  Drone x5  
  35  3:27  Drone x2  
  42  3:29  Drone  
  42  3:33  Extractor  
  42  3:46  Zergling x4  
  43  3:55  Lair  
  43  3:58  Overlord x2  
  43  4:10  Extractor  
  42  4:19  Drone x6  
  42  4:21  Drone  
  49  4:33  Drone x3  
  49  4:37  Hatchery  
  50  4:43  Roach x4  
  57  4:58  Roach x2  
  52  5:14  Roach  
  52  5:15  Roach x3  
  52  5:16  Roach  
  50  5:25  Roach x2  
  50  5:26  Roach x3  
  58  5:30  Queen  
  58  5:44  Drone x2  
  60  5:56  Hydralisk Den, Extractor  
  52  6:06  Drone x3  
  45  6:29  Hydralisk  
  45  6:30  Hydralisk x5  
  54  6:35  Queen  
  56  6:43  Hydralisk  
  56  6:45  Overlord x2  
  54  7:17  Spawning Pool  
  54  7:22  Drone x2  
  55  7:23  Drone  
  56  7:46  Lurker Den  
  56  7:47  Drone x3  
  56  7:48  Drone x2  
  60  8:16  Hydralisk  
  60  8:17  Hydralisk x2  
  60  8:19  Overlord x3  
  66  8:25  Overlord x2  
  66  8:26  Overlord  
  66  8:37  Queen x2  
  66  8:45  Hydralisk  
  66  8:46  Hydralisk x8  
  84  8:50  Muscular Augments  
  84  8:55  Infestation Pit  
  84  9:02  Roach Warren  
  82  9:18  Lurker x2  
  64  9:36  Zergling x2, Hydralisk x2  
  64  9:37  Zergling x2, Hydralisk x7  
  70  9:48  Lurker x2  
  72  9:53  Zergling x12  
  78  10:03  Hive  
  78  10:05  Overlord  
  74  11:07  Lurker  
  74  11:08  Lurker x8, Hatchery  
  82  11:18  Viper  
  79  11:46  Hatchery  
  78  12:00  Viper x2  
  71  12:44  Drone x3  
  71  12:46  Drone x3  
  77  12:55  Hydralisk  
  77  12:56  Hydralisk x11  
  101  13:05  Queen  
  101  13:06  Drone x3  
  101  13:07  Drone x7  
  107  13:47  Lurker  
  107  13:48  Lurker x3  
  111  13:54  Drone x5  
  116  14:04  Extractor  
  116  14:05  Extractor  
  114  14:22  Hydralisk  
  114  14:23  Hydralisk x2  
  120  14:25  Overlord  
  120  14:26  Overlord x2  
  120  14:41  Spine Crawler  
  120  14:42  Spine Crawler  
  118  14:46  Spore Crawler  
  118  14:47  Pneumatized Carapace  
  113  15:00  Lurker x2  
  113  15:01  Lurker  
  116  15:13  Adaptive Talons  
  116  15:18  Evolution Chamber  
  116  15:19  Evolution Chamber  
  113  15:22  Drone x7  
  113  15:23  Drone  
  121  15:33  Drone x6  
  121  15:34  Drone x3  
  128  15:45  Extractor x2  
  118  16:22  Hydralisk x4  
  118  16:23  Hydralisk x8  
  139  16:50  Hydralisk  
  139  16:51  Hydralisk x6  
  97  17:27  Hydralisk x6  
  97  17:28  Hydralisk x3  
  41  18:27  Hydralisk  
  41  18:28  Hydralisk x5  
  41  18:31  Queen  
  41  18:32  Queen  
  56  18:42  Hydralisk x2  
  55  19:02  Drone x3  
  56  19:07  Hatchery  
Show
View Real Time Build Order
Export as new Build Order

CauseoKoF Zerg 

Build Orders: Hatch First 

Get SALT Encoding   

  12  0:02  Drone  
  13  0:15  Drone  
  13  0:20  Extractor  
  13  0:23  Extractor  
  13  0:24  Drone x2  
  16  0:29  Overlord  
  16  0:58  Hatchery, Drone  
  16  1:10  Spawning Pool  
  15  1:14  Drone  
  15  1:17  Drone  
  17  1:25  Overlord  
  17  1:36  Drone  
  18  1:45  Extractor  
  17  1:50  Drone x2  
  19  1:57  Queen  
  19  2:00  Drone  
  22  2:02  Spine Crawler  
  21  2:10  Drone  
  21  2:11  Queen  
  24  2:18  Drone  
  25  2:25  Zergling x4  
  27  2:30  Drone  
  27  2:35  Extractor  
  27  2:46  Drone  
  27  2:47  Drone  
  27  2:51  Spine Crawler  
  28  2:54  Queen  
  28  2:56  Drone  
  28  2:57  Drone  
  32  3:07  Zergling x4  
  32  3:08  Zergling x4  
  34  3:21  Drone x2  
  34  3:23  Overlord  
  36  3:42  Lair  
  36  3:47  Extractor  
  35  3:53  Drone x2  
  35  3:54  Drone x3  
  40  4:16  Evolution Chamber  
  39  4:20  Evolution Chamber  
  39  4:30  Drone  
  39  4:31  Drone x2  
  42  4:35  Drone x2  
  44  4:40  Overlord  
  44  4:43  Metabolic Boost  
  44  4:46  Spire  
  43  4:53  Spine Crawler  
  43  4:57  Zergling x6  
  43  4:58  Zergling x4  
  43  5:07  Spine Crawler  
  43  5:09  Zergling x8  
  43  5:10  Zergling x8  
  50  5:16  Extractor  
  49  5:25  Drone  
  48  5:44  Drone  
  48  5:45  Drone x3  
  48  6:06  Mutalisk x2  
  48  6:09  Overlord x2  
  52  6:22  Overlord  
  52  6:32  Mutalisk x7  
  55  6:33  Mutalisk  
  55  6:38  Zerg Flyer Weapons Level 1  
  55  6:39  Drone x2  
  63  6:43  Spore Crawler  
  62  6:47  Mutalisk  
  64  7:06  Mutalisk x2  
  68  7:13  Drone  
  69  7:21  Drone x4  
  73  7:34  Hatchery  
  73  7:35  Mutalisk x2  
  70  7:47  Zergling x4  
  70  7:48  Zergling x4  
  66  7:58  Mutalisk x3  
  72  8:09  Drone x4  
  75  8:32  Overlord x3  
  75  8:45  Queen  
  75  8:47  Zergling x4  
  75  8:48  Zergling x4  
  81  8:49  Drone  
  81  8:50  Overlord x2  
  78  9:09  Drone x2  
  78  9:10  Drone x3  
  80  9:21  Zergling x4  
  71  9:45  Zergling x8  
  62  9:46  Zergling x2  
  62  9:49  Zergling x2  
  62  9:50  Zergling x10  
  63  10:04  Roach Warren  
  62  10:07  Drone  
  62  10:09  Drone x4  
  62  10:10  Drone  
  68  10:17  Mutalisk  
  69  10:32  Zergling x18  
  68  10:39  Mutalisk x2  
  72  10:50  Roach  
  72  10:51  Roach x4  
  81  10:59  Drone x3  
  81  11:00  Drone x2  
  83  11:06  Spine Crawler  
  83  11:09  Overseer, Spore Crawler  
  80  11:15  Hydralisk Den  
  79  11:19  Roach x6  
  79  11:20  Roach x3  
  79  11:24  Spore Crawler  
  96  11:38  Spore Crawler  
  95  11:41  Infestation Pit  
  94  11:47  Spine Crawler, Drone  
  94  11:48  Drone x6  
  95  11:55  Hydralisk x4  
  103  12:03  Drone x2  
  103  12:04  Drone  
  103  12:05  Queen  
  103  12:08  Queen  
  108  12:10  Spine Crawler  
  109  12:18  Glial Reconstitution  
  109  12:20  Hive  
  109  12:26  Hydralisk x2  
  109  12:28  Overlord x3  
  113  12:36  Zergling x2  
  101  12:41  Queen, Zergling x14  
  79  12:52  Zergling x2  
  79  12:53  Zergling x6  
  81  13:02  Zergling x4  
  77  13:08  Spore Crawler  
  77  13:12  Hydralisk x3  
  70  13:18  Hydralisk  
  70  13:19  Hydralisk  
  69  13:24  Roach  
  62  13:30  Zergling x4  
  63  13:36  Spine Crawler  
  63  13:40  Spore Crawler  
  63  13:41  Hydralisk x3  
  67  13:54  Evolution Chamber x2  
  64  13:56  Roach x4  
  64  14:00  Spine Crawler  
  71  14:04  Extractor  
  71  14:06  Roach x3  
  71  14:07  Roach x2  
  77  14:13  Drone x2  
  79  14:23  Hydralisk x3  
  86  14:45  Drone x2  
  86  14:46  Drone x2  
  86  14:48  Hydralisk  
  86  14:49  Roach x2  
  86  14:51  Overlord  
  95  14:53  Overseer x2  
  95  14:59  Zergling x10  
  100  15:03  Spine Crawler  
  99  15:09  Hydralisk  
  99  15:10  Spore Crawler, Hydralisk x2  
  104  15:20  Zerg Melee Weapons Level 1, Zerg Missile Weapons Level 1  
  104  15:26  Hydralisk x2  
  108  15:53  Tunneling Claws  
  80  16:05  Hydralisk x2  
  80  16:06  Hydralisk x5  
  60  16:13  Roach  
  60  16:14  Zergling x6  
  60  16:15  Zergling x8  
  69  16:24  Hydralisk  
  41  16:55  Spore Crawler  
  41  16:58  Zergling x8  
  39  17:10  Zergling x10  
  39  17:11  Zergling x4  
  37  17:26  Zergling x4  
  37  17:47  Zergling x8  
  34  17:55  Roach x2  
  34  17:58  Spine Crawler  
  37  18:07  Zergling x2  
  37  18:08  Zergling x2  
  39  18:38  Hatchery  
  37  18:48  Roach x3  
  43  18:57  Overseer  
Show
View Real Time Build Order
Export as new Build Order

OpuS Protoss - Winner!

Build Orders:  

Get SALT Encoding   

  12  0:01  Probe  
  13  0:13  Probe  
  14  0:23  Pylon  
  14  0:25  Probe  
  15  0:44  Gateway  
  15  0:45  Probe  
  16  0:53  Probe, Assimilator  
  16  1:01  Probe  
  18  1:11  Gateway  
  18  1:12  Probe  
  19  1:20  Probe  
  20  1:31  Cybernetics Core  
  20  1:33  Pylon  
  20  1:38  Zealot  
  22  1:48  Probe  
  23  1:58  Zealot  
  23  2:01  Probe  
  26  2:04  Assimilator  
  26  2:06  Pylon  
  26  2:08  Warp Gate  
  26  2:20  Probe  
  26  2:21  Adept  
  28  2:28  Stalker  
  30  3:00  Nexus  
  30  3:02  Pylon  
  30  3:18  Adept x2  
  34  3:27  Stargate  
  34  3:38  Gateway  
  34  4:10  Zealot x2  
  34  4:13  Void Ray  
  42  4:18  Twilight Council  
  42  4:20  Probe  
  42  4:23  Probe  
  44  4:32  Adept  
  46  4:41  Probe  
  46  4:42  Probe  
  48  4:49  Void Ray  
  50  5:03  Zealot  
  50  5:04  Charge  
  50  5:07  Probe  
  51  5:24  Zealot x3  
  51  5:26  Probe  
  51  5:28  Probe  
  55  5:41  Probe x2  
  55  5:44  Pylon  
  55  5:58  Void Ray  
  57  6:12  Probe x2  
  59  6:25  Probe x2  
  61  6:29  Stargate  
  59  6:42  Zealot x3  
  59  6:43  Probe  
  70  6:59  Probe x2  
  62  7:11  Probe  
  62  7:14  Stalker x3  
  69  7:17  Phoenix  
  69  7:21  Phoenix  
  69  7:27  Gateway  
  69  7:29  Gateway  
  69  7:31  Gateway  
  69  7:32  Probe  
  69  7:34  Assimilator  
  69  7:36  Pylon  
  70  7:38  Pylon, Assimilator  
  70  7:40  Pylon  
  70  7:54  Probe, Phoenix x2  
  70  7:55  Stalker  
  70  7:57  Stalker x2  
  81  8:00  Probe  
  82  8:06  Probe  
  82  8:08  Blink  
  83  8:19  Phoenix x2  
  87  8:27  Stalker  
  87  8:28  Stalker  
  91  8:38  Nexus  
  91  8:41  Pylon  
  89  9:04  Phoenix x2  
  93  9:22  Pylon  
  89  9:24  Pylon  
  89  9:26  Pylon  
  89  9:29  Pylon, Phoenix x2  
  73  9:54  Phoenix x2  
  73  9:57  Probe  
  73  9:58  Probe  
  79  10:00  Probe  
  80  10:10  Probe x2  
  80  10:12  Stalker x4  
  90  10:19  Phoenix x2  
  76  10:42  Probe x2  
  70  10:44  Stalker x5, Probe  
  70  10:45  Stalker  
  83  10:54  Probe x2  
  83  10:56  Probe  
  86  11:01  Phoenix x2  
  90  11:05  Robotics Facility  
  90  11:26  Phoenix x2  
  94  11:37  Probe x3  
  97  11:40  Pylon  
  97  11:42  Assimilator  
  97  11:44  Protoss Air Weapons Level 1  
  97  11:46  Assimilator  
  97  11:49  Probe  
  97  11:51  Phoenix x2  
  102  11:57  Observer  
  103  12:02  Zealot x5  
  103  12:03  Zealot  
  103  12:06  Probe x3  
  118  12:16  Phoenix x2  
  118  12:18  Probe, Observer  
  106  12:49  Probe x3  
  106  12:51  Stalker x4  
  107  12:52  Stalker x2  
  107  12:53  Void Ray x2  
  111  13:01  Probe x2  
  97  13:24  Zealot x5  
  97  13:25  Zealot  
  109  13:29  Fleet Beacon  
  109  13:41  Nexus  
  109  13:44  Templar Archives  
  109  13:46  Zealot x3  
  115  13:56  Void Ray  
  115  13:58  Void Ray  
  123  14:06  Pylon  
  123  14:21  Stargate  
  123  14:30  Stargate  
  123  14:32  Stargate  
  123  14:36  Stargate  
  123  14:39  Void Ray  
  123  14:41  Void Ray  
  123  14:43  Probe x3  
  134  14:49  Gateway  
  134  14:50  Protoss Air Weapons Level 2, Gateway  
  134  14:55  Probe x3  
  134  14:56  Probe  
  138  15:08  Void Ray  
  142  15:27  Void Ray x3  
  154  15:38  Void Ray x2  
  162  15:57  Observer  
  159  16:11  Void Ray x4  
  169  16:19  Observer  
  169  16:21  Void Ray  
  169  16:25  Void Ray  
  166  16:29  Probe  
  166  16:30  Probe x3  
  164  16:32  Assimilator  
  164  16:35  Gateway  
  164  16:36  Assimilator  
  164  16:38  Gateway  
  160  16:40  Observer  
  157  17:01  Forge  
  157  17:03  Cybernetics Core  
  145  17:14  Nexus  
  121  17:24  Void Ray x2  
  121  17:25  Void Ray x2  
  133  17:36  Void Ray  
  137  17:37  Pylon  
  137  17:41  Assimilator  
  137  17:46  Assimilator  
  137  17:54  Void Ray  
  133  18:08  Void Ray  
  125  18:32  Probe  
  126  18:44  Probe  
  126  18:46  Gateway  
  127  18:49  Gateway  
  127  18:50  Gateway  
  127  18:52  Gateway  
  135  18:56  Probe  
  140  19:07  Zealot x4  
  140  19:08  Zealot x3, Probe  
  140  19:09  Zealot x2  
Show
View Real Time Build Order
Export as new Build Order

Sketchaphone Zerg - Winner!

Build Orders: Hatch First 

Get SALT Encoding   

  12  0:01  Drone  
  13  0:12  Overlord  
  13  0:18  Drone  
  14  0:31  Drone x2  
  16  0:36  Drone  
  17  0:58  Hatchery  
  17  1:03  Drone  
  17  1:05  Extractor  
  17  1:09  Drone  
  17  1:28  Spawning Pool  
  17  1:31  Drone  
  17  1:33  Drone x2  
  19  1:49  Drone  
  20  2:04  Drone  
  20  2:05  Overlord  
  21  2:14  Metabolic Boost  
  21  2:15  Queen  
  23  2:19  Queen  
  25  2:24  Drone  
  26  2:30  Spine Crawler  
  26  2:35  Zergling x2  
  26  2:38  Drone  
  26  2:42  Zergling x2  
  26  2:43  Zergling x4  
  30  2:50  Zergling x2  
  31  3:00  Drone  
  31  3:01  Overlord  
  32  3:27  Drone  
  32  3:28  Overlord  
  32  3:45  Drone x2, Hatchery  
  29  3:50  Drone  
  29  3:54  Overlord  
  30  4:00  Evolution Chamber, Drone  
  30  4:01  Zergling x2  
  30  4:02  Drone  
  32  4:03  Queen  
  32  4:09  Zergling x12  
  40  4:20  Overlord  
  40  4:23  Drone  
  41  4:26  Zerg Melee Weapons Level 1  
  41  4:28  Drone  
  41  4:29  Drone  
  43  4:31  Drone x2  
  45  4:42  Queen  
  45  4:43  Drone  
  45  4:44  Overlord  
  45  4:45  Drone x3  
  50  5:05  Drone  
  50  5:06  Zergling x8  
  55  5:18  Zergling x10  
  56  5:25  Zergling x4  
  56  5:26  Zergling x2  
  59  5:30  Drone  
  59  5:37  Zergling x2  
  59  5:38  Zergling x2  
  61  5:42  Zergling x2  
  59  5:54  Spine Crawler  
  59  5:55  Zergling x6  
  58  5:57  Zergling x6  
  58  6:00  Zergling x10  
  62  6:05  Queen  
  62  6:06  Drone  
  62  6:11  Overlord  
  65  6:15  Lair  
  65  6:31  Drone x2  
  65  6:32  Hatchery  
  64  6:52  Zergling x10  
  64  6:53  Zergling x16  
  75  6:58  Zergling x2  
  75  7:00  Zerg Ground Armor Level 1  
  74  7:08  Spine Crawler  
  67  7:12  Overlord x2  
  65  7:16  Drone  
  65  7:17  Evolution Chamber, Spore Crawler  
  65  7:18  Spine Crawler, Spore Crawler  
  65  7:19  Spore Crawler  
  53  7:52  Zergling x32  
  53  7:54  Zerg Melee Weapons Level 2  
  53  7:55  Drone  
  64  8:00  Queen  
  64  8:01  Roach Warren  
  64  8:02  Queen  
  64  8:04  Spore Crawler  
  64  8:05  Spore Crawler  
  63  8:08  Drone x2  
  63  8:09  Drone x2  
  63  8:11  Spore Crawler  
  66  8:14  Drone x3  
  66  8:19  Zergling x2  
  69  8:22  Spore Crawler  
  69  8:24  Overlord, Spore Crawler  
  55  8:44  Zergling x22  
  62  8:49  Drone x3  
  62  8:51  Queen  
  62  8:55  Drone x2  
  69  8:58  Glial Reconstitution  
  69  9:06  Zergling x10  
  74  9:10  Extractor  
  74  9:11  Extractor  
  74  9:13  Drone x2  
  74  9:14  Drone x2, Extractor  
  75  9:20  Baneling Nest  
  72  9:34  Zergling x2  
  72  9:35  Zergling x22  
  75  9:41  Drone x3  
  75  9:42  Drone  
  79  9:49  Zergling x10  
  84  9:58  Zergling x6  
  87  10:05  Centrifical Hooks  
  87  10:07  Zerg Ground Armor Level 2  
  87  10:23  Zergling x18  
  95  10:31  Zergling x8  
  94  10:37  Zergling x2  
  94  10:45  Infestation Pit  
  91  10:52  Zergling x16  
  91  10:55  Zergling x4  
  90  11:03  Overseer  
  85  11:07  Zergling x8  
  89  11:12  Drone x4  
  89  11:16  Drone  
  89  11:17  Overlord x2  
  94  11:35  Overlord x2  
  94  11:48  Queen  
  86  11:55  Zergling x36  
  104  12:02  Drone x2  
  104  12:05  Pneumatized Carapace, Hive  
  104  12:10  Drone x3  
  92  12:39  Zergling x4  
  92  12:40  Zergling x24  
  104  12:51  Zergling x8  
  104  12:56  Zergling x6  
  106  13:17  Zergling x24  
  106  13:18  Hatchery  
  107  13:20  Zergling x8  
  107  13:24  Zergling x4  
  106  13:32  Baneling  
  106  13:33  Baneling x3  
  102  13:35  Baneling  
  102  13:36  Baneling x8  
  102  13:39  Zerg Ground Armor Level 3  
  102  13:40  Zerg Melee Weapons Level 3  
  96  13:45  Ultralisk Cavern, Burrow  
  96  13:46  Tunneling Claws  
  96  13:48  Drone x2  
  97  13:50  Drone x2  
  97  13:52  Drone x6, Extractor  
  97  13:55  Drone, Extractor  
  81  14:11  Zergling x2  
  80  14:27  Infestor x2  
  80  14:29  Pathogen Glands  
  84  14:33  Ultralisk  
  90  14:41  Drone x5  
  90  14:42  Extractor  
  90  14:43  Extractor  
  90  14:44  Drone x2  
  90  14:45  Drone x2  
  97  14:51  Overlord x3, Drone x2  
  99  14:55  Ultralisk  
  99  14:57  Chitinous Plating  
  105  15:07  Adrenal Glands  
  105  15:09  Spore Crawler  
  105  15:14  Zergling x40  
  105  15:21  Overlord, Drone  
  123  15:24  Roach  
  123  15:26  Roach  
  123  15:27  Roach x3  
  133  15:39  Overseer  
  110  16:13  Zergling x28  
  110  16:14  Zergling x8  
  122  16:21  Zergling x2  
  123  16:28  Zergling x8  
  127  16:34  Roach x4  
  127  16:37  Baneling x6  
  127  16:39  Zergling x10  
  132  16:50  Roach  
  132  16:55  Zergling x10  
  128  17:18  Baneling x31  
  128  17:21  Zergling x24  
  139  17:24  Zerg Missile Weapons Level 1  
  139  17:26  Anabolic Synthesis  
  132  17:37  Hatchery  
  118  17:53  Zergling x22  
  118  17:54  Baneling  
  118  17:55  Baneling x17  
  118  17:56  Zergling x10  
  127  18:23  Hatchery  
  115  18:29  Zergling x24  
  126  18:40  Zergling x6  
  129  18:51  Drone x2  
  130  18:58  Baneling  
  130  18:59  Baneling x31  
  130  19:02  Zergling x14  
  136  19:29  Spore Crawler  
  136  19:31  Spore Crawler x2  
  125  19:33  Spore Crawler  
Tags
 
Add a new tag
Caveats
  • Supply blocks, unpowered buildings, or Contaminate may cause inaccurate times.
  • Supply counts are checked every 10 seconds.